 Dungeon Crawl Stone Soup version 0.31-a0-1570-g93c622d222 (webtiles) character file.

Game seed: 3023827252506457130

331 Flugslaktarn the Trooper (level 6, -1/57 HPs)
             Began as a Minotaur Fighter on Jan 3, 2024.
             Slain by Pikel
             ... wielding a +1 whip of flaming
              (3 damage)
             ... on level 4 of the Dungeon.
             The game lasted 00:01:27 (2434 turns).

Flugslaktarn the Trooper (Minotaur Fighter)         Turns: 2434, Time: 00:01:28

Health: -1/57      AC:  9    Str: 23    XL:     6   Next: 26%
Magic:  5/5        EV:  9    Int:  5    God:
Gold:   127        SH:  4    Dex:  9    Spells: 5/5 levels left

rFire   . . .        a - +0 war axe
rCold   + . .        e - +0 buckler
rNeg    . . .        b - +0 scale mail
rPois   .            (helmet restricted)
rElec   .            w - +0 cloak
rCorr   .            l - +0 pair of gloves
SInv    .            (no boots)
Will    .....        (no amulet) Stlth
                     c - ring of protection from cold
HPRegen 0.29/turn    (no ring)
MPRegen 0.09/turn

%: no passive effects
@: no status effects
A: horns 2, retaliatory headbutt
a: no special abilities


You were on level 4 of the Dungeon.
You visited 1 branch of the dungeon, and saw 4 of its levels.

You collected 127 gold pieces.

Inventory:

Hand Weapons
 a - a +0 war axe (weapon)
Armour
 b - a +0 scale mail (worn)
 e - a +0 buckler (worn)
 l - a +0 pair of gloves (worn)
   (You found it on level 2 of the Dungeon)
 w - a +0 cloak (worn)
   (You took it off Crazy Yiuf on level 3 of the Dungeon)
Jewellery
 c - a ring of protection from cold (left hand)
   (You found it on level 1 of the Dungeon)
 q - a ring of ice
   (You found it on level 2 of the Dungeon)
Scrolls
 f - a scroll of summoning {unknown}
 g - 2 scrolls of fog {unknown}
 h - 3 scrolls of teleportation {unknown}
 i - 2 scrolls of vulnerability {unknown}
 j - a scroll of amnesia {unknown}
 k - a scroll of acquirement {unknown}
 m - 2 scrolls of identify {unknown}
 o - a scroll of immolation {unknown}
 p - a scroll of noise {unknown}
 r - a scroll of blinking {unknown}
 v - a scroll of brand weapon {unknown}
 y - a scroll of fear {unknown}
Potions
 d - a potion of might
 n - a potion of berserk rage {unknown}
 s - a potion of lignification {unknown}
 t - a potion of curing {unknown}
 u - a potion of attraction {unknown}
 x - a potion of ambrosia {unknown}


   Skills:
 * Level 5.7 Fighting
 * Level 5.1 Axes
 + Level 4.7 Armour
 + Level 4.7 Shields


You had 5 spell levels left.
You didn't know any spells.
Your spell library contained the following spells:

 Spells                   Type           Power      Damage    Failure   Level
 Necrotise                Necr           0%         1d4       83%         1
 Blink                    Tloc           0%         N/A       93%         2
 Lesser Beckoning         Tloc           0%         N/A       93%         2
 Mercury Vapours          Alch/Air       0%         N/A       93%         2
 Momentum Strike          Conj/Tloc      0%         3d8       93%         2
 Mephitic Cloud           Conj/Alch/Air  0%         N/A       99%         3
 Vampiric Draining        Necr           0%         2d6       99%         3
 Martyr's Knell           Necr/Summ      0%         N/A       100%        4
 Curse of Agony           Necr           0%         N/A       100%        5
 Freezing Cloud           Conj/Ice/Air   0%         6-21      100%        5


Dungeon Overview and Level Annotations

Branches:
Dungeon (4/15)
 Temple: D:4-7

Altars:

Annotations:
D:4 Pikel


Innate Abilities, Weirdness & Mutations

You have a pair of horns on your head.
You reflexively headbutt those who attack you in melee.


Message History

You slash the orc!
You kill the orc!
You hit the orc but do no damage. You slash the orc!
You kill the orc!
The orc barely misses you. x2; You furiously retaliate!
You headbutt the orc. You slash the orc!
You kill the orc!
No target in view!
No target in view!
No target in view!
Found a hand axe and 6 stones.
Things that are here:
a +0 whip; a +0 scale mail
Found 3 boomerangs.
Things that are here:
a +0 flail; the felid corpse of Natasha 2 lemures come into view.
The lemure shouts!
You hear a shout!
A giant cockroach comes into view.
There are monsters nearby!
There are monsters nearby!
There are monsters nearby!
A lemure comes into view.
The lemure shouts!
The lemure moves out of view.
Pikel, Merchant of Souls comes into view.
He is wielding a +1 whip of flaming.
You see here a puce potion.
Found a scroll labelled SASIRIMUST.
You see here a puce potion.
Pikel scowls and wipes his hands on his robe.
You see here a +0 hand axe.
Things that are here:
a +0 flail; the felid corpse of Natasha
Things that are here:
a +0 whip; a +0 scale mail You block the giant cockroach's attack.
You closely miss the giant cockroach. The giant cockroach barely misses you.
You miss the lemure. You miss the lemure. The lemure hits you!
You block the lemure's attack.
You slash the lemure!
The lemure is heavily wounded.
The lemure hits you.
You hit the lemure but do no damage.
The lemure is heavily wounded.
The lemure hits you.
You closely miss the lemure.
The lemure is heavily wounded.
The lemure hits you but does no damage. x2
You hit the lemure.
The lemure is heavily wounded.
You hit Pikel. You headbutt Pikel.
Pikel is lightly wounded.
A lemure comes into view.
You block Pikel's attack.
You hit Pikel.
Pikel is lightly wounded.
Pikel hits you with a +1 whip of flaming!
Pikel burns you.
You barely miss Pikel.
Pikel is lightly wounded.
Pikel hits you with a +1 whip of flaming.
Pikel burns you.
You hit Pikel but do no damage. You headbutt Pikel!
Pikel is heavily wounded.
Pikel hits you with a +1 whip of flaming.
Pikel burns you. You block Pikel's attack.
You miss Pikel.
Pikel is heavily wounded.
Pikel hits you but does no damage.
You are too injured to fight recklessly!
You closely miss Pikel. You headbutt Pikel.
Pikel is heavily wounded.
You block Pikel's attack.
You slash Pikel! You headbutt Pikel, but do no damage.
Pikel is severely wounded.
Pikel hits you with a +1 whip of flaming.
* * * LOW HITPOINT WARNING * * *
Pikel burns you.
* * * LOW HITPOINT WARNING * * *
Pikel hits you with a +1 whip of flaming!
* * * LOW HITPOINT WARNING * * *
Pikel burns you.
* * * LOW HITPOINT WARNING * * *
You are too injured to fight recklessly!
You barely miss Pikel.
Pikel is severely wounded.
Pikel hits you with a +1 whip of flaming.
* * * LOW HITPOINT WARNING * * *
Pikel burns you.
* * * LOW HITPOINT WARNING * * *
You are too injured to fight recklessly!
Okay, then.
Okay, then.
Okay, then.
You aren't carrying any items that you can evoke.
You hit Pikel but do no damage. You headbutt Pikel, but do no damage.
Pikel is severely wounded.
Pikel hits you with a +1 whip of flaming.
You die...
Pikel says, "Another soul for the market."

..........#
........#
.K....#####
#.5.......
#.........
#5!......(
#5........ #.
####55###### #.
#.@K5......# #..
##.##B......#
#...##..##.......#
#...#..###########
##........#
#.......(....#
#............#
#............#
#............#


You could see Pikel, 3 lemures and a giant cockroach.

Vanquished Creatures
  A vampire bat (D:3)
  Crazy Yiuf (D:3)
  Natasha (D:4)
  An iguana (D:4)
  Robin (D:4)
  3 gnolls (D:3)
  An adder (D:4)
  A dart slug (D:2)
  3 fire bats (D:3)
  A ribbon worm (D:2)
  5 orcs
  2 spectral bats (D:3)
  5 ball pythons
  3 bat skeletons (D:3)
  A bat zombie (D:3)
  2 endoplasms
  2 giant cockroaches
  16 goblins
  9 hobgoblins
  4 quokkas
  13 bats
  A bat simulacrum (D:3)
  7 frilled lizards
  7 rats
91 creatures vanquished.

Notes
Turn   | Place    | Note
-------+----------+-------------------------------------------
     0 | D:1      | Flugslaktarn the Minotaur Fighter began the quest for the
                  | Orb.
     0 | D:1      | Reached XP level 1. HP: 19/19 MP: 0/0
   152 | D:1      | Reached XP level 2. HP: 27/27 MP: 1/1
   646 | D:2      | Found a faded altar of an unknown god.
   811 | D:2      | Reached XP level 3. HP: 31/33 MP: 2/2
  1752 | D:3      | Reached XP level 4. HP: 12/41 MP: 3/3
  1923 | D:3      | Reached skill level 5 in Fighting
  1923 | D:3      | Reached XP level 5. HP: 47/48 MP: 4/4
  2077 | D:3      | Found a runed translucent door.
  2078 | D:3      | Noticed Crazy Yiuf
  2086 | D:3      | Killed Crazy Yiuf
  2149 | D:4      | Noticed Robin
  2156 | D:4      | Killed Robin
  2157 | D:4      | Reached XP level 6. HP: 43/56 MP: 5/5
  2400 | D:4      | Noticed Natasha
  2405 | D:4      | Killed Natasha
  2406 | D:4      | Reached skill level 5 in Axes
  2412 | D:4      | Noticed Pikel
  2433 | D:4      | HP: 2/57 [Pikel/+1 whip of flaming (3)]
  2434 | D:4      | Slain by Pikel

Illustrated notes

Levels and vault maps discovered:
D:1:      enne_arrival_octagon_isle, layout_loops_ring
D:2:      layout_loops_corners, nicolae_ecumenical_oubliette
D:3:      cheibrodos_old_hovel, layout_basic, goddamned_bats,
          uniq_crazy_yiuf_cottage
D:4:      layout_basic, uniq_pikel, uniq_robin, uniq_natasha

Skill      XL: |  1  2  3  4  5  6 |
---------------+-------------------+-----
Fighting       | 4 5 |  5.7
Axes           | 3 4 5 |  5.1
Armour         | 4 |  4.7
Shields        | 4 |  4.7

Action                     |  1- 3 |  4- 6 || total
---------------------------+-------+-------++-------
  Melee: War axe           |    97 |    98 ||   195
         Headbutt          |    12 |    21 ||    33
    Use: Potion            |     1 |     1 ||     2
 Armour: Scale mail        |    70 |   102 ||   172
  Dodge: Dodged            |    42 |    58 ||   100
  Block: Buckler           |    23 |    38 ||    61

Table legend: (Time is in decaauts)
 A = Elapsed time spent in this place.
 B = Non-inter-level travel time spent in this place.
 C = Inter-level travel time spent in this place.
 D = Time resting spent in this place.
 E = Time spent auto-exploring this place.
 F = Levels seen in this place.
 G = Mean time per level.
                   A        B        C        D        E       F      G
               +--------+--------+--------+--------+--------+-----+--------+
         Total |   2499 |   2392 |    107 |    216 |   1657 |   4 |  624.8 |
       Dungeon |   2499 |   2392 |    107 |    216 |   1657 |   4 |  624.8 |
               +--------+--------+--------+--------+--------+-----+--------+

Top non-repeatable levels by time:
     D:3: 869 daAuts
     D:2: 827 daAuts
     D:1: 663 daAuts
     D:4: 138 daAuts
